 Dungeon Crawl Stone Soup version 0.22-a0-757-gdba82d8 (webtiles) character file.

74 Mamutox the Chopper (level 4, -8/48 HPs)
             Began as an Ogre Chaos Knight on July 16, 2018.
             Mangled by a gnoll
             ... wielding a +0 halberd
              (13 damage)
             ... on level 2 of the Dungeon.
             The game lasted 00:02:02 (784 turns).

Mamutox the Chopper (Ogre Chaos Knight)              Turns: 784, Time: 00:02:03

Health: -8/48      AC:  5    Str: 16    XL:     4   Next: 30%
Magic:  4/4        EV: 10    Int: 13    God:    Xom [...*..]
Gold:   126        SH:  0    Dex:  9    Spells: 3/3 levels left

rFire    . . .     SeeInvis .   a - +0 hand axe (chaos)
rCold    . . .     Gourm    .   (no shield)
rNeg     . . .     Faith    .   b - +2 robe
rPois    .         Spirit   .   (helmet restricted)
rElec    .         Reflect  .   (no cloak)
rCorr    .         Harm     .   (gloves unavailable)
MR       .....                  (boots unavailable)
Stlth    +.........             (no amulet)
HPRegen  0.16/turn              (no ring)
MPRegen  0.09/turn              (no ring)

@: no status effects
A: large, unfitting armour, tough skin 1
a: Renounce Religion


You were on level 2 of the Dungeon.
You worshipped Xom.
You were a favourite toy of Xom.
You were not hungry.

You visited 1 branch of the dungeon, and saw 2 of its levels.

You collected 126 gold pieces.

Inventory:

Hand Weapons
 a - a +0 hand axe of chaos (weapon)
Missiles
 f - a throwing net (quivered)
Armour
 b - a +2 robe (worn)
Jewellery
 d - an uncursed ring of magical power {unknown}
Scrolls
 g - a scroll of teleportation {unknown}
 i - a scroll of identify {unknown}
 j - a scroll of enchant armour {unknown}
 l - a scroll of magic mapping {unknown}
Potions
 e - 2 potions of mutation {unknown}
 h - a potion of heal wounds {unknown}
 k - 3 potions of curing {unknown}
Comestibles
 c - 4 rations
 m - 4 chunks of flesh


   Skills:
 - Level 4.2 Fighting
 + Level 4.9 Axes
 - Level 2.1 Dodging


You had 3 spell levels left.
You didn't know any spells.
Your spell library was empty.

Dungeon Overview and Level Annotations

Branches:
Dungeon (2/15)

Altars:


Innate Abilities, Weirdness & Mutations

You are too large for most types of armour.
You have tough skin. (AC +1)


Message History

You hit the hobgoblin but do no damage.
Sparks fly from the hobgoblin's hands!
The hobgoblin is heavily wounded.
You hit something.
Reactivating autopickup.
You feel a bit more experienced. The hobgoblin hits you.
The gnoll hits you from afar with a halberd!
The hobgoblin hits you. The gnoll barely misses you.
The gnoll hits you but does no damage. The gnoll barely misses you.
The gnoll hits you with a whip.
The gnoll hits you from afar with a halberd!
* * * LOW HITPOINT WARNING * * *
Some of the chunks of flesh in your inventory have rotted away.
The gnoll closely misses you. The hobgoblin closely misses you.
The gnoll hits you with a halberd!
* * * LOW HITPOINT WARNING * * *
The gnoll hits you with a whip.
* * * LOW HITPOINT WARNING * * *
The gnoll hits you from afar with a halberd!
You die...
Xom cackles wildly!

...[....................>........
#..................#####.........
##########.........# #...######
############ #...# ##
######....## #..... .#
#.....(....# ###..## .#
#....g.....# #..#.... .#
#....g.....# ##...###
.##########...gg@....# .. #
.##.......#..))......# #
.##.#####.#####..[..##
.##.#####.## #.##### .##.#......#
#.# .##.#......# #.#
.##.#.....g####.#
.##.......g'gg†.#
.........g.####.#


You could see 3 gnolls and a hobgoblin.

Vanquished Creatures
  Terence (D:2)
  An adder (D:2)
  A gnoll (D:2)
  A worm (D:2)
  A leopard gecko (D:2)
  A ball python (D:1)
  A giant cockroach (D:1)
  A goblin (D:2)
  5 hobgoblins (D:2)
  4 jackals (D:2)
  3 kobolds (D:2)
  2 frilled lizards (D:2)
  2 rats
24 creatures vanquished.

Notes
Turn   | Place    | Note
-------+----------+-------------------------------------------
     0 | D:1      | Mamutox the Ogre Chaos Knight began the quest for the Orb.
     0 | D:1      | Reached XP level 1. HP: 24/24 MP: 1/1
    56 | D:1      | XOM: harmless Chrm miscast
   391 | D:2      | XOM: butterfly on damage
   392 | D:2      | XOM is BORED!
   392 | D:2      | XOM: noise
   394 | D:2      | Reached XP level 2. HP: 19/32 MP: 2/2
   541 | D:2      | XOM: harmless Pois miscast
   579 | D:2      | Noticed Terence
   587 | D:2      | XOM: potion effect (curing)
   591 | D:2      | Killed Terence
   591 | D:2      | Reached XP level 3. HP: 32/39 MP: 3/3
   671 | D:2      | Reached XP level 4. HP: 47/48 MP: 4/4
   741 | D:2      | XOM: enchant monster (bad)
   784 | D:2      | Mangled by a gnoll

Vault maps used:
D:1:      noname_arrival_rooms_in_the_neighbourhood
D:2:      lightli_temple_of_fire, uniq_terence, uniq_crazy_yiuf_cottage

Skill      XL: |  1  2 |
---------------+-------+-----
Axes           | 4 |  4.9
Fighting       | |  4.2
Dodging        | |  2.1

Action                   |  1- 3 |  4- 6 || total
-------------------------+-------+-------++-------
Melee: Hand axe          |    42 |    12 ||    54
Armor: Robe              |    18 |     9 ||    27
Dodge: Dodged            |    15 |    10 ||    25

Table legend:
 A = Spawn XP
 B = Non-spawn XP
 C = Spawn XP percentage of total XP
 D = Spawn monster count
 E = Non-spawn monster count
 F = Spawn count percentage of total count
 G = Total turns spent on level
                    A         B        C        D         E        F      G
               +---------+---------+-------+---------+---------+-------+---------
         Total |       0 |     107 |   0.0 |       0 |      24 |   0.0 |   784
               +---------+---------+-------+---------+---------+-------+---------
           D:1 |       0 |       5 |   0.0 |       0 |       3 |   0.0 |   383
           D:2 |       0 |     102 |   0.0 |       0 |      21 |   0.0 |   401
               +---------+---------+-------+---------+---------+-------+---------
